 Dungeon Sprint DCSS version 0.29-a0-322-g68df515428 (webtiles) character file.

Game seed: 3837880356549363863

288 CloudyStrokes the Poker (level 6, 0/48 HPs)
             Began as a Demonspawn Gladiator on Apr 7, 2022.
             Slain by Sonja
             ... wielding a +0 dagger of distortion
              (2 damage)
             ... in the Dungeon (Sprint I: "Red Sonja").
             The game lasted 00:11:30 (194 turns).

CloudyStrokes the Poker (Demonspawn Gladiator)       Turns: 194, Time: 00:11:32

Health: 0/48       AC:  7    Str: 16    XL:     6   Next: 9%
Magic:  6/6        EV: 14    Int: 10    God:
Gold:   308        SH:  0    Dex: 14    Spells: 5/5 levels left

rFire   . . .      SeeInvis .   a - +0 trident
rCold   . . .      Faith    .   (no shield)
rNeg    . . .      Spirit   .   b - +0 leather armour
rPois   .          Reflect  .   c - +0 helmet
rElec   .          Harm     .   (no cloak)
rCorr   .          Rampage  .   (no gloves)
Will    .....      NoTele   +   (no boots)
Stlth   ++........              (no amulet)
HPRegen 0.16/turn               (no ring)
MPRegen 0.10/turn               (no ring)

@: lethally poisoned (0 -> -5), slowed, very slow
A: thin metallic scales 2, ignite blood 1, powered by death 1
a: no special abilities


You were in the Dungeon.
You visited 1 branch You collected 308 gold pieces.

Inventory:

Hand Weapons
 a - a +0 trident (weapon)
 n - a +0 giant club
Armour
 b - a +0 leather armour (worn)
 c - a +0 helmet (worn)
 m - a +0 ring mail
Wands
 l - a wand of polymorph (7)
Scrolls
 k - a scroll of blinking
 o - a scroll of amnesia {unknown}
Potions
 f - a potion of curing
 g - a potion of heal wounds
 h - a potion of haste
 i - 2 potions of magic
 j - a potion of berserk rage


   Skills:
 + Level 4.3 Fighting
 + Level 7.5 Polearms
 + Level 4.1 Throwing
 + Level 7.0 Dodging
 + Level 3.4 Stealth
 + Level 2.2 Unarmed Combat


You had 5 spell levels left.
You didn't know any spells.
Your spell library was empty.

Dungeon Overview and Level Annotations

Branches:
Dungeon (1/1)

Altars:
Cheibriados
Dithmenos
Elyvilon
Fedhas
Gozag
Hepliaklqana
Kikubaaqudgha
Nemelex Xobeh
Okawaru
Qazlal
Ru
Sif Muna
Trog
Uskayaw
Vehumet
Wu Jian
Yredelemnul
Zin
The Shining One

Shops:
D =

Annotations:
D Sonja


Innate Abilities, Weirdness & Mutations

You are mostly covered in thin metallic scales. (AC +3)
Your demonic aura sometimes causes spilled blood to erupt in flames.
You regenerate a little health from kills.


Message History

There is a hide-covered altar of Uskayaw here.
You kneel at the altar of Uskayaw.
There is an entrance to Vach's Jewellery Emporium here.
Unknown command.
There is an open door, spattered with blood here.
There is a radiant altar of Vehumet here.
You open the door.
Sonja, the Graceful Assassin comes into view.
She is wielding a +0 dagger of distortion and quivering curare-tipped darts.
Sonja shouts!
Sonja moves out of view.
Found 54 gold pieces.
Found 54 gold pieces.
Sonja throws a curare-tipped dart.
The curare-tipped dart hits you.
You are poisoned.
You have difficulty breathing.
You feel yourself slow down.
Throw: javelin
Press: ? - help, Q - select action, (/) - cycle Shift-Dir - straight line, f - Sonja
Aim: Sonja, wielding a +0 dagger of distortion and quivering curare-tipped darts (16% to hit)
You throw a javelin. The javelin completely misses Sonja.
You feel extremely sick. Sonja barely misses you. x2
Sonja hits you with a +0 dagger of distortion.
You barely miss Sonja.
You feel very sick.
Sonja shouts, "Some dancing partner you are!"
Sonja barely misses you. Sonja hits you but does no damage.
Space warps around you. Sonja barely misses you.
Sonja hits you but does no damage. Space warps around you.
Sonja hits you with a +0 dagger of distortion.
Space warps around you.
* * * LOW HITPOINT WARNING * * *
Sonja hits you but does no damage.
You closely miss Sonja.
You feel sick.
Sonja shouts, "Some dancing partner you are!"
Sonja hits you but does no damage. Space warps horribly around you.
* * * LOW HITPOINT WARNING * * *
Sonja hits you but does no damage. Space warps around you.
* * * LOW HITPOINT WARNING * * *
Sonja hits you with a +0 dagger of distortion.
You die...

################
#<.#.)'..#..'..#
#..'..#.†').#..+
#..#####'#####'#
#..####..#...#.#
#..#__####..##.#
#..#_____##'#_.+
#⌠⌠#_.∩...'..._#
####_..__##_@#+#
#_____###K#
####### #.# $.$
$.$# ##(## #+#


You could see Sonja.

Vanquished Creatures
  A yak (D)
  An ogre (D)
  A jelly (D)
  Ijyb (D)
  A gnoll (D)
5 creatures vanquished.

Notes
Turn   | Place    | Note
-------+----------+-------------------------------------------
     0 | D        | CloudyStrokes the Demonspawn Gladiator began the quest for
                  | the Orb.
     0 | D        | Reached XP level 1. HP: 16/16 MP: 1/1
     2 | D        | Noticed Ijyb
    16 | D        | Killed Ijyb
    17 | D        | Reached skill level 1 in Stealth
    17 | D        | Gained mutation: You regenerate a little health from kills.
                  | [demonic ancestry]
    17 | D        | Reached XP level 2. HP: 23/23 MP: 2/2
    37 | D        | Noticed an ogre
    45 | D        | Killed an ogre
    46 | D        | Reached skill level 5 in Polearms
    46 | D        | Reached skill level 5 in Dodging
    46 | D        | Reached skill level 1 in Unarmed Combat
    46 | D        | Gained mutation: You are partially covered in thin metallic
                  | scales. (AC +2) [demonic ancestry]
    46 | D        | Reached XP level 3. HP: 29/29 MP: 3/3
    46 | D        | Gained mutation: You are mostly covered in thin metallic
                  | scales. (AC +3) [demonic ancestry]
    46 | D        | Reached XP level 4. HP: 35/35 MP: 4/4
    57 | D        | Noticed Sigmund
    58 | D        | Noticed Sigmund
    58 | D        | Sigmund changed into Sigmund the gnoll
    63 | D        | Killed Sigmund the gnoll
    76 | D        | Found a shimmering blue altar of Sif Muna.
    77 | D        | Found an ornate altar of the Wu Jian Council.
    79 | D        | Found a radiant altar of Vehumet.
    88 | D        | Gained mutation: Your demonic aura sometimes causes spilled
                  | blood to erupt in flames. [demonic ancestry]
    88 | D        | Reached XP level 5. HP: 25/41 MP: 5/5
   109 | D        | Found Vach's Jewellery Emporium.
   109 | D        | Found an ancient bone altar of Kikubaaqudgha.
   109 | D        | Found a hazy altar of Hepliaklqana.
   109 | D        | Found a stormy altar of Qazlal.
   109 | D        | Found a hide-covered altar of Uskayaw.
   109 | D        | Found a blossoming altar of Fedhas.
   109 | D        | Found a bloodstained altar of Trog.
   109 | D        | Found an iron altar of Okawaru.
   109 | D        | Found a basalt altar of Yredelemnul.
   109 | D        | Found a snail-covered altar of Cheibriados.
   109 | D        | Found a sacrificial altar of Ru.
   109 | D        | Found a shadowy altar of Dithmenos.
   109 | D        | Noticed a yak
   117 | D        | Killed a yak
   118 | D        | Reached XP level 6. HP: 34/48 MP: 6/6
   118 | D        | Found an opulent altar of Gozag.
   119 | D        | Found a sparkling altar of Nemelex Xobeh.
   190 | D        | Noticed Sonja
   194 | D        | HP: 2/48 [Sonja/+0 dagger of distortion (4)]
   194 | D        | Slain by Sonja

Illustrated notes

Levels and vault maps discovered:
D:        dungeon_sprint_1 [red_sonja_temple_1, red_sonja_temple_small_1]

Skill      XL: |  1  2  3  4  5 |
---------------+----------------+-----
Polearms       | 4 5 6 7 |  7.5
Throwing       | 2 3 4 |  4.1
Dodging        | 4 5 6 7 |  7.0
Stealth        | 1 2 3 |  3.4
Fighting       | 3 4 |  4.3
Unarmed Combat | 1 2 |  2.2

Action                   |  1- 3 |  4- 6 || total
-------------------------+-------+-------++-------
Melee: Unarmed           |    10 |       ||    10
       Trident           |     5 |    15 ||    20
Throw: Throwing net      |     3 |     1 ||     4
       Javelin           |       |     1 ||     1
Evoke: Wand              |       |     1 ||     1
 Stab: Held in net/web   |     3 |       ||     3
       Sleeping          |       |     1 ||     1
Armor: Leather armour    |       |     5 ||     5
Dodge: Dodged            |     2 |     6 ||     8

Table legend: (Time is in decaauts)
 A = Elapsed time spent in this place.
 B = Non-inter-level travel time spent in this place.
 C = Inter-level travel time spent in this place.
 D = Time resting spent in this place.
 E = Time spent auto-exploring this place.
 F = Levels seen in this place.
 G = Mean time per level.
                   A        B        C        D        E       F      G
               +--------+--------+--------+--------+--------+-----+--------+
         Total |    195 |    106 |     89 |      0 |      0 |   1 |  195.0 |
       Dungeon |    195 |    106 |     89 |      0 |      0 |   1 |  195.0 |
               +--------+--------+--------+--------+--------+-----+--------+

Top non-repeatable levels by time:
       D: 195 daAuts
